 Seeded DCSS version 0.27-a0-1202-ge72e49191c (webtiles) character file.

Game seed: 557670424295413315 (custom seed)

7716 bronco the Grappler (level 11, -3/97 HPs)
             Began as a Troll Artificer on June 2, 2021.
             Was a Priest of Nemelex Xobeh.
             Killed from afar by an electric eel (8 damage)
             ... with a bolt of electricity
             ... in a bailey.
             The game lasted 00:28:04 (7559 turns).

bronco the Grappler (Troll Artificer)               Turns: 7559, Time: 00:28:05

Health: -3/97      AC:  9    Str: 37    XL:     11   Next: 0%
Magic:  10/10      EV: 12    Int:  7    God:    Nemelex Xobeh [***...]
Gold:   597        SH:  5    Dex: 10    Spells: 10/10 levels left

rFire    . . .     SeeInvis .     - Unarmed
rCold    . . .     Faith    .   (no shield)
rNeg     . . .     Spirit   .   T - +1 troll leather armour
rPois    .         Reflect  +   c - +2 hat
rElec    .         Harm     .   (no cloak)
rCorr    .         Rampage  .   (gloves unavailable)
Will     .....                  (boots unavailable)
Stlth    ++........             D - amulet of reflection
HPRegen  2.26/turn              s - +6 ring of strength
MPRegen  0.12/turn              C - +6 ring of strength

@: studying Dodging
A: large, unfitting armour, claws 3, regeneration 1, shaggy fur 1, tough skin 1
a: Renounce Religion, Draw Escape, Draw Destruction, Draw Summoning, Triple Draw


You were in a bailey.
You worshipped Nemelex Xobeh.
Nemelex Xobeh was most pleased with you.
You visited 2 branches of the dungeon, and saw 11 of its levels.
You also visited: Bailey.

You collected 1842 gold pieces.
You spent 1245 gold pieces at shops.

Inventory:

Missiles
 b - a throwing net
 g - 328 stones
 j - 92 sling bullets
 m - 5 datura-tipped darts (quivered)
 r - 5 curare-tipped darts
 S - 2 javelins
Armour
 c - a +2 hat (worn)
 T - a +1 troll leather armour (worn)
Magical Staves
 x - a staff of earth
Jewellery
 h - a +4 ring of evasion
 s - a +6 ring of strength (left claw)
 y - a ring of willpower
 C - a +6 ring of strength (right claw)
 D - an amulet of reflection (around neck)
 E - a +4 ring of evasion
 I - a ring of fire
 J - a ring of willpower
 K - a ring of see invisible
 M - a +6 ring of intelligence
 O - a ring of wizardry
Wands
 d - a wand of charming (19)
 G - a wand of iceblast (6)
 H - a wand of paralysis (9)
Scrolls
 a - 2 scrolls of teleportation
 k - 2 scrolls of noise
 t - a scroll of torment
 N - 3 scrolls of enchant weapon
 P - a scroll of immolation
Potions
 f - 8 potions of curing
 i - 2 potions of attraction
 l - 2 potions of brilliance
 n - a potion of heal wounds
 o - 2 potions of degeneration
 v - 3 potions of lignification
 Q - a potion of flight {unknown}
Miscellaneous
 e - a piece from Xom's chessboard (8/15)


   Skills:
 + Level 3.4 Fighting
 - Level 0.8 Throwing
 - Level 0.7 Armour
 + Level 8.0 Dodging
 - Level 4.0 Stealth
 - Level 1.8 Shields
 + Level 11.2 Unarmed Combat
 + Level 5.3 Evocations


You had 10 spell levels left.
You didn't know any spells.
Your spell library contained the following spells:

 Spells                   Type           Power      Damage    Failure   Level
 Beastly Appendage        Tmut           0%         N/A       45%         1
 Magic Dart               Conj           0%         1d3       45%         1
 Summon Small Mammal      Summ           0%         N/A       45%         1
 Blink                    Tloc           N/A        N/A       58%         2
 Call Imp                 Summ           0%         N/A       58%         2
 Slow                     Hex            0%         N/A       58%         2
 Wereblood                Tmut           0%         N/A       58%         2
 Call Canine Familiar     Summ           0%         N/A       83%         3
 Conjure Flame            Conj/Fire      0%         6-21      83%         3
 Mephitic Cloud           Conj/Pois/Air  0%         N/A       83%         3
 Spider Form              Tmut/Pois      0%         N/A       83%         3
 Summon Guardian Golem    Hex/Summ       0%         N/A       83%         3
 Ice Form                 Ice/Tmut       0%         N/A       99%         4
 Summon Ice Beast         Ice/Summ       0%         N/A       99%         4
 Summon Lightning Spire   Summ/Air       0%         N/A       99%         4
 Hydra Form               Tmut           0%         N/A       100%        5
 Freezing Cloud           Conj/Ice/Air   0%         6-21      100%        6
 Simulacrum               Ice/Necr       0%         N/A       100%        6
 Ozocubu's Refrigeration  Ice            0%         4d5       100%        7


Dungeon Overview and Level Annotations

Branches:
Dungeon (10/15)            Temple (1/1) D:4          Bailey (1/1)
   Lair: D:8-11         Orc: D:9-12

Altars:
Ashenzari
Cheibriados
Dithmenos
Elyvilon
Fedhas
Gozag
Hepliaklqana
Kikubaaqudgha
Makhleb
Nemelex Xobeh
Okawaru
Qazlal
Ru
Sif Muna
Trog
Uskayaw
Vehumet
Wu Jian
Xom
Yredelemnul
Zin
The Shining One

Shops:
D:3 *   D:5 =


Innate Abilities, Weirdness & Mutations

You are too large for most types of armour.
You have claws for hands.
Your natural rate of healing is unusually fast.
You are covered in fur. (AC +1)
You have tough skin. (AC +1)


Message History

You swap places.
An orc comes into view. It is wielding a +0 hand axe.
You swap places.
You swap places.
You mangle the orc!!
You kill the orc!
The electric eel shoots out a bolt of lightning at you!
The bolt of electricity hits you! The bolt of electricity misses you.
Items here: $ )))) [[[[ †††.
You are too injured to fight recklessly!
Throw: 7 darts (datura)
Press: ? - help, Q - select action, (/) - cycle Shift-Dir - straight line, f - electric eel
Aim: an electric eel (ally target, 35% to hit, immune)
You throw a datura-tipped dart.
The datura-tipped dart barely misses the electric eel.
You hear a splash.
The electric eel shoots out a bolt of lightning at you!
The bolt of electricity hits the electric eel.
The electric eel completely resists.
The bolt of electricity hits you! The bolt of electricity misses you.
The electric eel shoots out a bolt of lightning at you!
The bolt of electricity hits you.
* * * LOW HITPOINT WARNING * * *
The bolt of electricity hits you!
* * * LOW HITPOINT WARNING * * *
Throw: 6 darts (datura)
Press: ? - help, Q - select action, (/) - cycle Shift-Dir - straight line, f - electric eel
Aim: an electric eel (water, 35% to hit, immune)
You throw a datura-tipped dart.
The datura-tipped dart hits the electric eel.
You hear a splash.
The electric eel shoots out a bolt of lightning at you!
The bolt of electricity hits you!
* * * LOW HITPOINT WARNING * * *
The bolt of electricity hits you.
* * * LOW HITPOINT WARNING * * *
The electric eel shoots out a bolt of lightning at you!
The bolt of electricity misses you. The bolt of electricity hits you!
You die...
Your body disappears without a glow.

≈≈≈≈≈≈≈≈≈≈;≈≈≈≈≈≈
≈≈≈≈≈≈≈≈≈≈≈≈≈≈≈≈≈
≈≈≈≈≈≈≈≈≈≈≈≈≈≈≈≈≈
≈≈≈≈≈≈≈≈≈≈≈≈≈≈≈≈≈
≈≈≈≈≈;≈;≈≈≈≈≈;≈≈≈
#≈≈≈≈≈≈≈≈≈≈≈≈≈## #≈≈≈≈≈
'.........o.o.g.. #≈≈≈≈≈
#######(#######.. #≈≈≈≈≈
#....)#)@ggg..# #≈≈≈≈≈
#....)))8g8.8.# #≈≈≈≈≈
#'#####.......######≈≈≈≈≈
# #!!#....#......#.≈≈≈≈≈≈
#??#....#......#.≈≈≈≈≈.
#..#...)#####''#.≈≈≈≈≈.
#..#....##...).#.≈≈≈≈≈.
##+#...o##...).'.......
#._..##..⌠))'.......


You could see an orc warrior, 2 electric eels and 4 friendly gnolls.

Vanquished Creatures
  Gastronok (D:8)
  A boulder beetle (D:10)
  A two-headed ogre (D:5)
  An orc knight (Bailey)
  A kobold demonologist (Bailey)
  A troll (D:9)
  Sigmund (D:5)
  A shadow (D:5)
  4 yaks (D:10)
  A wyvern (D:8)
  A water moccasin (D:8)
  2 orc warriors (Bailey)
  A hornet zombie (D:7)
  An ice beast (D:6)
  An ogre (D:6)
  A necrophage (D:7)
  4 centaurs
  2 gnoll sergeants
  3 bullfrogs
  5 scorpions
  7 killer bees
  2 electric eels
  2 bullfrog zombies
  A centaur zombie (D:5)
  3 hounds
  An orc priest (D:8)
  A bullfrog skeleton (D:5)
  An iguana (D:5)
  8 orc wizards
  2 killer bee zombies
  2 howler monkey zombies
  7 gnolls
  2 howler monkey skeletons (D:6)
  5 adders
  A shadow imp (D:7)
  2 white imps
  An adder skeleton (D:4)
  A worm (D:5)
  4 dart slugs
  27 orcs
  8 endoplasms
  11 giant cockroaches
  12 goblins
  9 hobgoblins
  10 jackals
  2 quokkas
  8 ball pythons
  4 bats
  2 frilled lizards
  8 kobolds
  3 rats (D:1)
191 creatures vanquished.

Vanquished Creatures (collateral kills)
  An orc warrior (Bailey)
  3 gnolls
  2 orcs (Bailey)
  2 goblins (Bailey)
8 creatures vanquished.

Vanquished Creatures (others)
  2 orc warriors (Bailey)
2 creatures vanquished.

Grand Total: 201 creatures vanquished

Notes
Turn   | Place    | Note
-------+----------+-------------------------------------------
     0 | D:1      | bronco the Troll Artificer began the quest for the Orb.
     0 | D:1      | Reached XP level 1. HP: 18/18 MP: 0/0
   156 | D:1      | Reached XP level 2. HP: 26/26 MP: 1/1
   809 | D:2      | Reached XP level 3. HP: 28/32 MP: 2/2
   850 | D:2      | Reached skill level 1 in Unarmed Combat
  1546 | D:2      | Reached XP level 4. HP: 40/40 MP: 3/3
  1559 | D:2      | Reached skill level 2 in Unarmed Combat
  1839 | D:3      | Found Paffov's General Store.
  2357 | D:3      | Reached XP level 5. HP: 18/46 MP: 4/4
  2419 | D:4      | Reached skill level 3 in Unarmed Combat
  2503 | D:4      | Reached skill level 1 in Fighting
  2503 | D:4      | Reached skill level 1 in Stealth
  2568 | D:4      | Reached XP level 6. HP: 42/55 MP: 5/5
  2904 | D:4      | Found a staircase to the Ecumenical Temple.
  2909 | Temple   | Entered the Ecumenical Temple
  2962 | Temple   | Became a worshipper of Nemelex Xobeh the Trickster
  3157 | D:5      | Entered Level 5 of the Dungeon
  3188 | D:5      | Identified 3 scrolls of acquirement
  3188 | D:5      | Acquired 452 gold pieces
  3190 | D:5      | Acquired a manual of Dodging
  3192 | D:5      | Acquired 867 gold pieces
  3293 | D:5      | Noticed Sigmund
  3302 | D:5      | Killed Sigmund
  3303 | D:5      | Reached skill level 4 in Unarmed Combat
  3313 | D:5      | Noticed a two-headed ogre
  3333 | D:5      | Killed a two-headed ogre
  3334 | D:5      | Reached skill level 6 in Unarmed Combat
  3334 | D:5      | Reached XP level 7. HP: 23/63 MP: 6/6
  3334 | D:5      | Reached XP level 8. HP: 26/72 MP: 7/7
  3417 | D:5      | Found Berijaantu's Jewellery Boutique.
  3423 | D:5      | Bought a +6 ring of strength for 585 gold pieces
  3423 | D:5      | Bought an amulet of reflection for 300 gold pieces
  3423 | D:5      | Bought a +4 ring of evasion for 360 gold pieces
  3451 | D:5      | Reached * piety under Nemelex Xobeh
  3734 | D:5      | Received a gift from Nemelex Xobeh
  4017 | D:6      | Reached skill level 7 in Unarmed Combat
  4034 | D:6      | Reached ** piety under Nemelex Xobeh
  4267 | D:6      | Found an ornate altar of the Wu Jian Council.
  4409 | D:6      | Reached skill level 5 in Dodging
  4662 | D:6      | Reached XP level 9. HP: 80/80 MP: 8/8
  4791 | D:7      | Reached skill level 8 in Unarmed Combat
  5598 | D:8      | Received a gift from Nemelex Xobeh
  5832 | D:8      | Reached *** piety under Nemelex Xobeh
  5867 | D:8      | Reached skill level 9 in Unarmed Combat
  5944 | D:8      | Reached skill level 1 in Shields
  6058 | D:8      | Noticed Gastronok
  6081 | D:8      | Killed Gastronok
  6082 | D:8      | Reached skill level 10 in Unarmed Combat
  6082 | D:8      | Reached XP level 10. HP: 91/91 MP: 9/9
  7088 | D:10     | Entered Level 10 of the Dungeon
  7275 | D:10     | Noticed a boulder beetle
  7289 | D:10     | Reached skill level 5 in Evocations
  7303 | D:10     | Killed a boulder beetle
  7325 | D:10     | Found a flagged portal.
  7359 | Bailey   | Entered a bailey
  7408 | Bailey   | Found an iron altar of Okawaru.
  7411 | Bailey   | Noticed a smoke demon
  7412 | Bailey   | Noticed a rust devil
  7415 | Bailey   | Noticed a sun demon
  7453 | Bailey   | Noticed an orange demon
  7455 | Bailey   | Reached skill level 11 in Unarmed Combat
  7477 | Bailey   | Noticed an orc knight
  7492 | Bailey   | Killed an orc knight
  7549 | Bailey   | Reached XP level 11. HP: 32/97 MP: 10/10
  7559 | Bailey   | Killed from afar by an electric eel

Illustrated notes

Levels and vault maps discovered:
D:1:      psy_arrival_statuary, layout_basic
D:2:      minmay_roachtagon, layout_basic, minivault_19
D:3:      layout_basic, serial_shops, shop
D:4:      layout_loops_cross, temple_doors_cd
D:5:      layout_gridville, serial_shops, shop, uniq_sigmund
D:6:      layout_basic, nicolae_overflow_crystal_walls
D:7:      layout_loops_ring, corner_web_ring, roderic_lattice_a,
          kennysheep_small_spiral, eino_tiny_chamber
D:8:      layout_rooms, bh_walls_and_bars, uniq_gastronok
D:9:      layout_small_grid, grunt_decor_cap
D:10:     layout_loops_ring, hiddenorc2_lemuel, enter_bailey_5,
          serial_bayou_pond_a, minivault_24, st_stairs_7
Temple:   kilobyte_greek_temple
Bailey:   bailey_axe_of_yendor_kennysheep, bailey

Skill      XL: |  1  2  3  4  5  6  7  8  9 10 |
---------------+-------------------------------+-----
Dodging        | 2 4 5 6 8 |  8.0
Unarmed Combat | 1 2 3 6 7 10 11 | 11.2
Evocations     | 3 4 5 |  5.3
Fighting       | 1 2 3 |  3.4
Stealth        | 1 2 3 4 |  4.0
Shields        | 1 |  1.8
Throwing       | |  0.8
Armour         | |  0.7

Action                   |  1- 3 |  4- 6 |  7- 9 | 10-12 || total
-------------------------+-------+-------+-------+-------++-------
Melee: Unarmed           |   106 |   172 |   161 |   110 ||   549
       Punch             |       |     2 |     4 |     4 ||    10
Throw: Javelin           |       |       |       |     2 ||     2
       Stone             |       |       |       |     2 ||     2
       Dart              |       |       |       |     3 ||     3
Invok: Draw Summoning    |       |       |       |     1 ||     1
Evoke: Wand              |       |     9 |    18 |    17 ||    44
       Piece from Xom's  |       |     6 |     4 |     9 ||    19
  Use: Potion            |       |     1 |       |     7 ||     8
       Scroll            |       |     3 |       |    21 ||    24
 Stab: Sleeping          |     2 |     2 |     1 |     2 ||     7
       Petrified         |       |     8 |       |       ||     8
       Distracted        |       |       |     1 |     1 ||     2
       Paralysed         |       |       |     1 |       ||     1
Armor: Robe              |    44 |    74 |    26 |     3 ||   147
       Skin              |       |       |       |    51 ||    51
       Troll leather arm |       |       |       |    12 ||    12
Dodge: Dodged            |    58 |    83 |    58 |    48 ||   247
Block: Other             |       |       |    19 |    28 ||    47
       Reflection        |       |       |       |     5 ||     5

Table legend: (Time is in decaauts)
 A = Elapsed time spent in this place.
 B = Non-inter-level travel time spent in this place.
 C = Inter-level travel time spent in this place.
 D = Time resting spent in this place.
 E = Time spent auto-exploring this place.
 F = Levels seen in this place.
 G = Mean time per level.
                   A        B        C        D        E       F      G
               +--------+--------+--------+--------+--------+-----+--------+
         Total |   7503 |   7216 |    287 |     60 |   5840 |  12 |  625.2 |
       Dungeon |   7218 |   6970 |    248 |     60 |   5734 |  10 |  721.8 |
        Temple |     93 |     54 |     39 |      0 |     39 |   1 |   93.0 |
        Bailey |    191 |    191 |      0 |      0 |     67 |   1 |  191.0 |
               +--------+--------+--------+--------+--------+-----+--------+

Top non-repeatable levels by time:
     D:2: 910 daAuts
     D:8: 840 daAuts
     D:7: 817 daAuts
     D:6: 795 daAuts
     D:1: 775 daAuts
     D:5: 772 daAuts
     D:3: 713 daAuts
     D:9: 673 daAuts
     D:4: 655 daAuts
    D:10: 266 daAuts
  Bailey: 191 daAuts
  Temple: 93 daAuts
